Map: Agria Valley

Players

A.I. 2 (Easy)

  • Race: Terran Terran
  • Spawn Location: 5:00

Kirika - Winner!

  • Race: Protoss Protoss
  • Spawn Location: 11:00

VOD

Have the link to the VOD?

Description

Time

  • Played on: June 14, 2019, 5:32 p.m.
  • Length: 17:52
Show
View Real Time Build Order
Export as new Build Order

A.I. 2 (Easy) Terran 

Build Orders:  

Get SALT Encoding   

  12  0:00  SCV  
  13  0:13  SCV  
  14  0:20  Supply Depot  
  14  0:25  SCV  
  15  0:42  SCV  
  16  0:45  Barracks  
  16  0:47  Refinery  
  16  1:10  Supply Depot  
  16  1:21  Refinery  
  16  1:34  Barracks Tech Lab  
  16  1:35  Orbital Command  
  16  1:52  Marine  
  17  2:01  SCV  
  18  2:10  Marine  
  18  2:13  SCV  
  18  2:15  Supply Depot  
  20  2:25  SCV  
  20  2:28  Marine  
  22  2:37  SCV  
  23  2:46  Marauder  
  23  2:49  SCV  
  26  3:01  SCV  
  27  3:08  Marauder  
  29  5:06  SCV, Reaper  
  31  5:08  Supply Depot  
  31  5:17  Factory  
  31  5:18  SCV  
  32  5:30  SCV  
  32  5:32  Supply Depot  
  33  5:38  Marine  
  34  5:55  Marine  
  35  6:04  Starport  
  33  6:11  Command Center  
  33  6:13  Marine  
  33  6:31  Marine  
  30  6:40  Starport Tech Lab  
  30  6:49  Marauder  
  32  6:59  Raven  
  34  7:11  Marauder  
  36  7:24  SCV  
  36  7:28  SCV  
  38  7:32  Marine  
  38  7:36  SCV  
  40  7:38  Refinery  
  40  7:40  SCV, Refinery  
  40  7:42  Raven  
  43  7:48  SCV  
  43  7:49  Marine  
  45  7:53  SCV  
  46  8:00  SCV  
  46  8:05  SCV  
  48  8:08  Marauder  
  50  8:13  SCV  
  50  8:17  SCV  
  52  8:25  SCV  
  53  8:29  SCV, Reaper  
  55  8:37  SCV  
  57  8:41  SCV  
  57  8:49  SCV  
  57  8:53  SCV  
  59  9:01  SCV  
  60  9:05  SCV  
  61  9:13  SCV  
  62  9:17  SCV  
  62  9:20  Supply Depot  
  63  9:25  SCV  
  64  9:58  Medivac  
  66  10:02  Ghost Academy  
  66  10:05  Engineering Bay  
  66  10:08  Supply Depot  
  66  10:19  Marine  
  52  10:28  Medivac  
  52  10:31  Terran Infantry Weapons Level 1  
  51  10:37  Marine  
  52  10:47  Hellion  
  54  10:50  Supply Depot  
  49  10:58  SCV, Raven  
  49  10:59  Ghost  
  49  11:02  SCV  
  52  11:10  SCV  
  53  11:14  Hellion  
  55  11:27  Ghost  
  55  11:41  Raven  
  55  11:45  Hellion  
  58  11:58  Marauder  
  59  12:02  SCV  
  59  12:06  SCV  
  47  12:12  Hellion  
  47  12:14  SCV  
  39  12:24  Marine, Raven  
  39  12:26  SCV  
  42  12:38  SCV  
  42  12:42  Marine  
  34  12:50  SCV  
  30  12:53  Hellion  
  32  12:59  Command Center  
  32  13:02  SCV  
  32  13:05  Marine  
  30  13:07  Medivac  
  31  13:15  SCV  
  31  13:23  Marine  
  32  13:27  SCV  
  32  13:33  Hellion  
  33  13:39  SCV  
  31  13:51  SCV  
  30  13:59  Viking  
  26  14:03  SCV  
  24  14:12  Barracks  
  24  14:14  SCV  
  24  14:15  SCV  
  17  14:25  Engineering Bay  
  17  14:26  SCV  
  17  14:27  SCV  
  18  14:38  SCV  
  13  14:39  SCV  
  12  14:50  SCV  
  9  14:54  Refinery  
  9  14:56  Refinery  
  8  15:02  SCV  
  7  15:12  Command Center  
  7  15:23  Supply Depot  
  6  15:53  SCV  
  7  16:05  SCV  
  8  16:18  SCV  
  9  16:30  SCV  
  10  16:54  SCV  
  7  17:06  SCV  
Show
View Real Time Build Order
Export as new Build Order

Kirika Protoss - Winner!

Build Orders:  

Get SALT Encoding   

  12  0:10  Probe  
  13  0:42  Pylon  
  13  0:51  Probe, Assimilator  
  14  1:03  Probe  
  15  1:05  Assimilator  
  15  1:15  Probe  
  16  1:23  Pylon  
  16  1:27  Probe  
  17  1:39  Probe  
  18  1:51  Probe  
  19  2:03  Probe  
  19  2:05  Gateway  
  20  2:15  Probe  
  21  2:28  Probe  
  22  3:01  Cybernetics Core  
  22  3:22  Pylon  
  22  3:37  Pylon  
  22  3:43  Warp Gate  
  22  4:34  Gateway  
  22  4:39  Gateway  
  22  4:44  Gateway  
  22  5:03  Pylon  
  22  5:24  Pylon  
  22  5:52  Zealot  
  22  5:57  Zealot  
  22  5:59  Zealot  
  22  6:00  Zealot  
  24  6:14  Zealot  
  24  6:20  Zealot  
  24  6:21  Zealot  
  28  6:26  Zealot  
  30  6:36  Zealot  
  32  7:22  Stalker  
  34  7:24  Twilight Council, Stalker  
  34  7:25  Stalker  
  34  7:27  Stalker  
  40  7:44  Pylon  
  40  8:03  Zealot  
  42  8:05  Zealot  
  42  8:08  Stalker  
  42  8:09  Stalker  
  42  8:11  Blink  
  48  8:38  Nexus  
  48  8:51  Pylon  
  48  8:57  Pylon  
  48  9:06  Stalker  
  50  9:10  Stalker  
  50  9:11  Stalker  
  50  9:12  Stalker  
  56  10:00  Pylon  
  56  10:12  Charge  
  46  11:23  Stalker x2  
  46  11:24  Stalker x2  
  54  12:10  Stalker  
  54  12:11  Stalker  
  54  12:12  Stalker x2  
  62  13:15  Stalker  
  62  13:16  Stalker  
  62  13:17  Stalker  
  62  13:18  Stalker  
  70  14:01  Stalker x2  
  70  14:02  Stalker  
  76  14:03  Stalker  
  78  14:33  Stalker  
  78  14:34  Stalker x2  
  78  14:35  Stalker  
  86  15:02  Pylon  
  86  15:24  Stalker  
  86  15:26  Stalker x2  
  86  15:27  Stalker  
Tags
 
Matchup
PvT
Spawn Locations
Cross Positions
Add a new tag
Caveats
  • Supply blocks, unpowered buildings, or Contaminate may cause inaccurate times.
  • Supply counts are checked every 10 seconds.